Map: Galactic Process LE

Players

MajOr (SpeCial)

  • Race: Terran Terran

Kelazhur - Winner!

  • Race: Terran Terran

Event: WCS Copa Intercontinental

VOD

Have the link to the VOD?

Description

Time

  • Played on: Sept. 9, 2016, 3 p.m.
  • Length: 14:03

All games in this series

Show
View Real Time Build Order
Export as new Build Order

MajOr Terran 

Build Orders: Reaper Expand, Hellion Banshee, Mech 

Get SALT Encoding   

  12  0:00  SCV  
  13  0:13  SCV  
  14  0:18  Supply Depot  
  14  0:25  SCV  
  15  0:29  Refinery  
  15  0:39  SCV  
  16  0:45  Barracks  
  16  0:51  SCV  
  17  1:04  SCV  
  18  1:16  SCV  
  19  1:32  Reaper, Orbital Command  
  20  1:50  Command Center  
  20  2:02  SCV, Factory  
  20  2:07  Barracks Reactor  
  21  2:12  Supply Depot  
  21  2:16  SCV  
  22  2:28  SCV  
  22  2:32  Refinery  
  22  2:40  SCV  
  23  2:46  Starport  
  23  2:52  SCV, Hellion  
  23  2:53  Hellion  
  23  2:54  Barracks Tech Lab  
  28  3:04  SCV  
  29  3:11  Orbital Command  
  28  3:17  SCV, Hellion  
  28  3:18  Orbital Command  
  31  3:23  Hellion  
  33  3:29  SCV  
  33  3:33  Cloaking Field  
  33  3:42  Banshee  
  36  3:49  Hellion  
  36  3:51  Hellion  
  36  3:54  SCV  
  41  3:55  SCV  
  41  4:00  Supply Depot  
  42  4:06  SCV  
  42  4:08  SCV  
  44  4:14  Hellion  
  46  4:19  Supply Depot  
  46  4:22  SCV x2, Hellion  
  50  4:26  Banshee  
  53  4:34  SCV, Factory  
  53  4:36  Barracks Reactor  
  54  4:41  SCV  
  54  4:43  Supply Depot  
  54  4:45  Widow Mine  
  55  4:46  SCV  
  55  4:47  Widow Mine  
  60  4:53  SCV  
  60  4:58  SCV  
  62  5:05  SCV  
  63  5:11  SCV, Command Center  
  63  5:13  Raven  
  66  5:17  SCV  
  66  5:28  Engineering Bay  
  66  5:31  SCV x2  
  66  5:36  Widow Mine x2  
  65  5:44  SCV x2  
  61  5:56  SCV  
  61  5:57  SCV, Missile Turret  
  58  6:09  SCV x2  
  58  6:10  Siege Tank  
  58  6:11  Hellion x2  
  67  6:15  Viking  
  67  6:17  Refinery  
  69  6:18  Refinery  
  69  6:19  Supply Depot  
  69  6:21  SCV  
  69  6:23  SCV  
  69  6:24  Viking  
  73  6:25  Orbital Command  
  73  6:26  Supply Depot  
  73  6:32  Hellion x2  
  77  6:33  SCV  
  77  6:35  SCV  
  79  6:44  Medivac  
  79  6:45  SCV  
  82  6:47  SCV  
  82  6:49  Supply Depot  
  82  6:52  SCV  
  84  6:54  Hellion x2  
  84  6:55  Siege Tank  
  84  6:57  SCV  
  84  6:59  SCV  
  93  7:03  Supply Depot  
  93  7:04  SCV  
  94  7:09  SCV, Factory  
  94  7:11  SCV  
  94  7:12  Supply Depot  
  96  7:16  SCV  
  96  7:17  Hellion x2  
  96  7:21  SCV  
  96  7:22  Infernal Pre-Igniter  
  102  7:23  SCV  
  102  7:28  SCV, Viking  
  106  7:30  Viking  
  106  7:33  SCV  
  106  7:36  SCV  
  110  7:40  SCV  
  110  7:41  Armory  
  111  7:45  SCV  
  111  7:47  Hellion x2  
  111  7:48  SCV  
  113  7:52  SCV, Siege Tank  
  113  7:57  SCV  
  118  7:59  Viking  
  118  8:01  SCV  
  118  8:03  Refinery  
  118  8:04  Refinery  
  118  8:05  SCV  
  122  8:08  Supply Depot, Factory Tech Lab  
  122  8:09  Hellion  
  122  8:10  SCV  
  122  8:12  Hellion  
  125  8:13  SCV  
  125  8:17  SCV  
  125  8:18  Supply Depot  
  125  8:23  Viking  
  125  8:24  Siege Tank  
  125  8:25  SCV x2  
  130  8:29  SCV  
  130  8:34  Hellion x2  
  135  8:37  SCV  
  135  8:38  SCV  
  137  8:43  SCV, Factory Tech Lab  
  138  8:49  SCV, Sensor Tower  
  138  8:50  SCV  
  138  8:55  Hellion x2  
  144  8:56  Siege Tank  
  144  8:58  Viking x2  
  144  9:01  Terran Vehicle Weapons Level 1  
  147  9:06  SCV x2  
  149  9:10  Supply Depot  
  149  9:12  SCV  
  142  9:22  Hellion x2  
  142  9:23  Siege Tank  
  142  9:24  Factory  
  149  9:29  Factory  
  149  9:32  Siege Tank, Supply Depot  
  149  9:33  Supply Depot  
  149  9:35  Medivac x2  
  156  9:47  Supply Depot  
  156  9:48  Supply Depot  
  156  9:49  Missile Turret  
  156  9:54  Hellion x2  
  156  9:55  Siege Tank  
  161  10:02  Missile Turret, Command Center  
  161  10:05  Medivac x2  
  162  10:17  Siege Tank, Hellbat  
  162  10:18  Hellbat  
  162  10:27  Siege Tank  
  152  10:31  SCV x3  
  145  10:40  Factory Reactor, Hellbat x2, Factory Tech Lab  
  145  10:43  SCV x2  
  145  10:46  SCV  
  146  10:51  Missile Turret  
  146  10:55  SCV  
  146  10:56  Siege Tank  
  148  10:59  Siege Tank  
  148  11:00  Siege Tank  
  153  11:04  Refinery  
  153  11:08  Medivac  
  155  11:11  Medivac, Missile Turret  
  155  11:16  SCV x3  
  160  11:21  Terran Vehicle Weapons Level 2  
  160  11:25  Hellbat x2  
  164  11:31  Missile Turret  
  164  11:34  Siege Tank  
  164  11:35  Missile Turret  
  164  11:38  Supply Depot  
  124  11:58  Siege Tank x2, Hellbat x3  
  120  12:06  Siege Tank  
  111  12:09  Viking x2  
  111  12:13  SCV x2  
  108  12:18  Hellbat  
  108  12:19  Hellbat x2  
  114  12:30  Siege Tank  
  114  12:31  Hellbat  
  114  12:36  Siege Tank  
  122  12:40  Hellbat  
  122  12:41  Hellbat  
  102  12:52  Viking x2  
  100  13:00  Hellbat x2  
  100  13:01  Siege Tank  
  97  13:06  SCV x2  
  97  13:11  Orbital Command  
  80  13:21  Viking  
  80  13:24  Viking  
  76  13:31  Hellbat  
Show
View Real Time Build Order
Export as new Build Order

Kelazhur Terran - Winner!

Build Orders: MMM Bio 

Get SALT Encoding   

  12  0:00  SCV  
  13  0:12  SCV  
  14  0:17  Supply Depot  
  14  0:25  SCV  
  15  0:28  Refinery  
  15  0:38  SCV  
  16  0:44  Barracks  
  16  0:50  SCV  
  17  1:02  SCV  
  18  1:15  SCV  
  19  1:31  Orbital Command, Reaper  
  20  1:58  SCV  
  21  2:02  Command Center  
  21  2:06  Factory  
  21  2:07  Reaper  
  22  2:12  Supply Depot  
  22  2:16  SCV  
  23  2:25  Refinery  
  23  2:34  SCV  
  24  2:42  Reaper  
  25  2:47  SCV  
  25  2:49  Hellion  
  26  3:06  Starport, SCV  
  26  3:20  Barracks Tech Lab  
  26  3:23  SCV  
  26  3:25  Factory Tech Lab  
  27  3:27  Orbital Command  
  27  3:32  Bunker  
  27  3:35  SCV  
  28  3:47  Cyclone  
  32  3:48  SCV  
  32  3:54  SCV  
  34  3:59  Banshee  
  34  4:01  SCV  
  38  4:06  SCV, Supply Depot  
  38  4:08  Barracks Reactor  
  39  4:13  SCV  
  39  4:15  Engineering Bay  
  40  4:19  SCV  
  41  4:27  Cyclone  
  41  4:29  SCV  
  45  4:32  SCV  
  45  4:33  Supply Depot  
  46  4:41  SCV  
  46  4:43  Missile Turret  
  46  4:44  Missile Turret  
  47  4:48  Marine x2  
  47  4:50  SCV  
  50  4:53  SCV  
  50  4:55  Barracks  
  51  5:00  Barracks  
  51  5:02  SCV, Supply Depot  
  51  5:05  SCV  
  51  5:06  Raven  
  55  5:14  SCV  
  56  5:23  SCV  
  56  5:27  Marine x2  
  59  5:29  SCV  
  59  5:30  Supply Depot  
  59  5:32  Siege Tank  
  59  5:35  SCV  
  64  5:41  SCV  
  65  5:45  Marine x2  
  65  5:46  Terran Infantry Weapons Level 1  
  65  5:48  Barracks Tech Lab  
  66  5:56  Barracks Tech Lab  
  66  5:58  SCV  
  66  5:59  Command Center  
  66  6:01  SCV  
  66  6:02  Marine x2, Refinery  
  66  6:04  Refinery  
  67  6:10  SCV  
  67  6:11  Marine  
  69  6:13  SCV  
  69  6:17  Starport Reactor  
  70  6:19  Stimpack  
  70  6:22  SCV, Supply Depot x2  
  70  6:25  Marine x2, Marauder  
  75  6:29  Marauder  
  75  6:31  SCV  
  78  6:34  Supply Depot  
  78  6:43  Marine x2  
  78  6:44  SCV, Barracks  
  78  6:45  Barracks  
  81  6:52  Marauder x2  
  81  6:53  SCV  
  86  6:56  SCV  
  86  6:59  Combat Shields  
  87  7:03  Medivac x2  
  87  7:05  SCV  
  87  7:08  SCV, Marine x2  
  93  7:12  Orbital Command  
  93  7:17  SCV  
  93  7:20  SCV  
  93  7:21  Marauder x2  
  99  7:29  SCV  
  100  7:32  SCV  
  100  7:34  Barracks Tech Lab, Barracks Reactor  
  100  7:37  Marine x2  
  100  7:39  SCV  
  100  7:41  SCV  
  100  7:43  Medivac x2  
  108  7:44  Marauder  
  108  7:45  Terran Infantry Armor Level 1, Marauder  
  108  7:46  SCV  
  113  7:51  SCV  
  113  7:53  SCV  
  113  7:57  Engineering Bay  
  114  7:59  Missile Turret  
  114  8:03  Marine  
  114  8:04  Concussive Shells, Marauder  
  117  8:07  Refinery  
  117  8:08  Missile Turret  
  117  8:10  Missile Turret  
  117  8:11  Supply Depot  
  117  8:12  Supply Depot  
  117  8:14  Marine x2  
  117  8:15  SCV  
  117  8:33  Medivac x2, SCV, Supply Depot, Marine x3  
  117  8:34  SCV, Siege Tank, Marauder x2  
  133  8:37  Supply Depot  
  133  8:41  SCV  
  133  8:43  Marauder  
  133  8:55  SCV x3, Marine x2, Marauder  
  140  9:01  Marine x2, Marauder  
  144  9:05  Medivac  
  144  9:07  SCV x3, Supply Depot  
  148  9:10  Medivac  
  148  9:13  Marine, Marauder  
  144  9:19  SCV x3, Marine  
  148  9:27  Marine  
  148  9:28  Marine  
  148  9:29  Marauder  
  152  9:37  Armory  
  152  9:44  Marine x2, Marauder  
  156  9:51  Marine  
  157  9:59  Supply Depot  
  157  10:01  Supply Depot  
  157  10:14  Marauder  
  157  10:15  Siege Tank, Marine  
  157  10:16  Marine, Marauder  
  157  10:19  Marine  
  152  10:26  Marine  
  144  10:30  Marine  
  138  10:36  Medivac x2, Marauder  
  138  10:37  Marauder, Terran Infantry Weapons Level 2  
  138  10:38  Marauder  
  138  10:41  Marine x2  
  138  10:45  Command Center  
  138  10:47  Siege Tank  
  141  10:52  Marine  
  141  10:56  Marine  
  145  10:57  Marauder  
  145  10:59  Marine x2, Marauder  
  149  11:05  Marine  
  149  11:08  Viking x2  
  154  11:13  Barracks x2  
  154  11:14  Barracks  
  154  11:21  Marine x3, Marauder x3  
  154  11:24  Supply Depot  
  163  11:26  Supply Depot  
  163  11:45  Marine  
  163  11:46  Marauder  
  166  11:47  Marine  
  166  11:48  Marine, Marauder  
  166  11:51  Marine  
  166  11:52  Marauder  
  166  11:53  Viking  
  129  12:02  Siege Tank  
  129  12:03  Marine  
  129  12:05  Marine  
  129  12:06  Marine  
  129  12:07  Marauder  
  127  12:09  Marauder  
  127  12:10  Marine  
  127  12:13  Marauder  
  119  12:17  Medivac  
  119  12:21  Marine  
  120  12:22  Medivac  
  120  12:23  Marine x2  
  120  12:27  Barracks Tech Lab x2  
  120  12:28  Barracks Reactor, Marine, Marauder  
  127  12:30  Marine  
  127  12:34  Siege Tank, Marine  
  127  12:45  Marine  
  127  12:47  Marine, Marauder  
  127  12:48  Marauder  
  127  12:50  Marine, Marauder  
  127  12:51  Marauder  
  119  12:53  Marauder  
  119  12:58  Marine  
  121  13:03  Marine  
  121  13:04  Marine  
  121  13:06  Siege Tank  
  121  13:07  Marine  
  121  13:09  Marauder  
  121  13:10  Marauder  
  121  13:11  Marauder  
  121  13:12  Marine, Marauder  
  130  13:17  Marine  
  130  13:18  Marine, Marauder  
  129  13:21  Marine  
  129  13:22  Marine  
  129  13:25  Marine  
  126  13:29  Marine  
  126  13:30  Marauder  
  126  13:31  Marauder  
  126  13:32  Marauder  
Tags
 
Add a new tag
Caveats
  • Supply blocks, unpowered buildings, or Contaminate may cause inaccurate times.
  • Supply counts are checked every 10 seconds.